 Dungeon Crawl Stone Soup version 0.18-a0-1577-gf591c28 (webtiles) character file.

12065 M4edhros the Prestidigitator (level 11, -5/64 HPs)
             Began as an Octopode Wanderer on Mar 17, 2016.
             Slain by a gargoyle
             ... wielding a +0 mace
              (14 damage)
             ... on level 12 of the Dungeon.
             The game lasted 00:46:33 (13322 turns).

M4edhros the Prestidigitator (Octopode Wanderer)   Turns: 13322, Time: 00:46:34

Health: -5/64      AC:  6    Str: 11    XL:     11   Next: 87%
Magic:  19/19      EV: 18    Int: 17    God:    Xom [......]
Gold:   540        SH:  8    Dex: 18    Spells: 3 memorised, 1 level left

rFire  + . .     SeeInvis +     a - +2 spear
rCold  . . .     Gourm    .     x - +2 buckler {reflect}
rNeg   . . .     Faith    .     B - +2 hat {Int+3}
rPois  .         Spirit   .     S - amulet of regeneration
rElec  .         Dismiss  .     K - ring of protection from magic
rCorr  .         Reflect  +     P - ring of see invisible
SustAt .         Harm     .     V - ring of protection from fire
MR     +++..                    (no ring)
Stlth  ++++......               g - ring of protection from magic
                                Z - ring of protection from magic
                                (no ring)
                                (no ring)

@: extremely resistant to hostile enchantments, stealthy
A: almost no armour, amphibious, 8 rings, constrict 8, rugged brown scales 1,
slimy green scales 1, camouflage 1, agile 1, frail 1, mutation resistance 1,
gelatinous body 1
a: Renounce Religion


You were on level 12 of the Dungeon.
You worshipped Xom.
You were a very special plaything of Xom.
You were not hungry.

You visited 2 branches of the dungeon, and saw 13 of its levels.

You collected 693 gold pieces.
You spent 153 gold pieces at shops.

Inventory:

Hand Weapons
 a - a +2 spear (weapon)
 C - a +0 greatsling
 F - the +5 dagger of Nipyh {vamp, rF+}
   (You found it on level 4 of the Dungeon)

   It inflicts no extra harm, but heals its wielder somewhat when it strikes a
   living foe.
   It protects you from fire.
 M - a +0 blowgun
 Q - the +2 falchion of Ancient Evil {freeze, +Rage rC+ MR+ MP-9}
   (You took it off an orc on level 12 of the Dungeon)

   It has been specially enchanted to freeze those struck by it, causing extra
   injury to most foes and up to half again as much damage against particularly
   susceptible opponents.
   It can also slow down cold-blooded creatures.
   It protects you from cold.
   It affects your resistance to hostile enchantments.
   It affects your magic capacity (-9).
   It lets you go berserk.
Missiles
 b - 4 poisoned sling bullets
 d - 15 sling bullets of flame
 h - 151 sling bullets
 D - 36 silver sling bullets
 E - 317 stones (quivered)
 N - 52 poisoned needles
Armour
 x - a +2 buckler of reflection (worn)
 B - a +2 hat of intelligence (worn)
Rods
 y - a +9 rod of clouds (10/10)
   (Xom gifted it to you on level 4 of the Dungeon)
Jewellery
 e - an uncursed amulet of magic regeneration
 g - a ring of protection from magic (on tentacle)
 r - a +2 amulet of reflection
 K - a ring of protection from magic (left tentacle)
 P - a ring of see invisible (right tentacle)
 S - an amulet of regeneration (around mantle)
 V - a ring of protection from fire (on tentacle)
 Z - a ring of protection from magic (on tentacle)
Wands
 i - a wand of lightning (11/15)
 m - a wand of flame (31/48)
 p - a wand of disintegration (8/24)
 I - a wand of flame (32/48)
 L - a wand of digging (1/24)
 R - a wand of iceblast (5/15)
 W - a wand of digging (7/24)
Scrolls
 q - 7 scrolls of teleportation
 w - 2 scrolls of blinking
 z - 4 scrolls of fear
 G - 2 scrolls of magic mapping
 X - a scroll of fog
Potions
 c - a potion of resistance
 k - a potion of lignification
 l - a potion of agility
 o - 2 potions of heal wounds
 t - 2 potions of might
 u - 3 potions of cure mutation
 v - 3 potions of curing
 H - a potion of cancellation {unknown}
 J - a potion of flight
Comestibles
 f - 11 bread rations
 j - 5 meat rations
 s - 11 fruits
 A - a slice of pizza
 O - 8 chunks of flesh


   Skills:
 - Level 4.0 Fighting
 - Level 4.2 Polearms
 + Level 8.8 Slings
   Level 1.0 Crossbows
 + Level 8.4 Dodging
 - Level 2.6 Stealth
 + Level 6.4 Shields
 + Level 5.7 Translocations
 * Level 11.1 Evocations


You had one spell level left.
You knew the following spells:

 Your Spells              Type           Power        Failure   Level  Hunger
a - Shroud of Golubria    Chrm/Tloc      #.........   14%         2    ###....
b - Gell's Gravitas       Hex/Tloc       #.........   24%         3    ####...
c - Passage of Golubria   Tloc           N/A          24%         4    #####..


Dungeon Overview and Level Annotations

Branches:
Dungeon (12/15)            Temple (1/1) D:5            Lair (0/8) D:8
    Orc (0/2) D:12

Altars:
Ashenzari
Cheibriados
Dithmenos
Elyvilon
Fedhas
Kikubaaqudgha
Makhleb
Nemelex Xobeh
Okawaru
Pakellas
Qazlal
Ru
Sif Muna
Trog
Xom
Yredelemnul
Zin
The Shining One

Shops:
D:4 [   D:5 }

Annotations:
D:8 Pikel
D:10 4 runed doors


Innate Abilities, Weirdness & Mutations

You cannot wear most types of armour.
You are amphibious.
You can wear up to eight rings at the same time.
You can use your tentacles to constrict eight enemies at once.
Your skin changes colour to match your surroundings (Stealth).
Your rubbery body absorbs attacks (AC +1).
You are partially covered in rugged brown scales (AC +1, +3% HP).
You are partially covered in slimy green scales (AC +2).
You are agile. (Dex +2)
You are frail (-10% HP).
You are somewhat resistant to further mutation.


Message History

The gargoyle hurls a stone arrow at you.
The stone arrow hits you!
You hit the gargoyle but do no damage.
The gargoyle is severely damaged.
You constrict the gargoyle, but do no damage.
The gargoyle hits you with a mace.
You hit the gargoyle but do no damage.
You squeeze the gargoyle, but do no damage.
The gargoyle is severely damaged.
You constrict the gargoyle, but do no damage.
You hit the gargoyle but do no damage.
The gargoyle is severely damaged.
You constrict the gargoyle. The gargoyle hits you with a mace!!
* * * LOW HITPOINT WARNING * * *
You are too injured to fight recklessly!
You hit the gargoyle but do no damage.
The gargoyle is almost destroyed.
You constrict the gargoyle, but do no damage.
The gargoyle hits you with a mace!
You die...

....# #...# #..# #..# #...# #.
....# #...# #..# #..# #...# #.
....# #...# #..# #))# #...# #.
....# #...# #..# #..# #...# #.
....####...###..####..# #...###.
......................####.......
.............>..(................
###.......######...######........
#.#####.# #@..# #.######. #.# #.#
#9..# #.# #. #.# #.# #...# #.# #.
#.# #.# #...# #.# #. ###.# #.#
#...# #.# #. ....# #.. ..... ..#
#. ##### ### ###### ##


You could see a gargoyle.

Vanquished Creatures
  Erica (D:11)
  A centaur warrior (D:9)
  Urug (D:11)
  An unseen horror (D:9)
  A hill giant (D:11)
  A cyclops (D:9)
  A gargoyle (D:12)
  2 trolls
  The ghost of George the Cleaver, an amateur MiGl (D:5)
  A spriggan (D:10)
  6 yaks (D:9)
  A shadow (D:12)
  A hog (D:12)
  A hippogriff (D:10)
  A hungry ghost (D:8)
  2 mottled dragons (D:11)
  Duvessa (D:5)
  A hell hound (D:8)
  A water moccasin (D:9)
  An ice beast (D:10)
  5 orc warriors
  3 sky beasts
  A black bear (D:12)
  3 phantoms
  3 ogres
  5 centaurs
  5 big kobolds
  8 giant frogs
  2 gnoll sergeants
  Dowan (D:5)
  5 killer bees (D:12)
  3 scorpions
  A water moccasin skeleton (D:9)
  4 wights (D:10)
  6 howler monkeys
  3 centaur zombies
  7 crimson imps
  A giant frog zombie (D:6)
  3 jellies
  3 hounds
  7 orc priests
  2 iguanas
  2 centaur skeletons
  A giant frog skeleton (D:11)
  8 orc wizards
  12 worker ants
  A killer bee zombie (D:7)
  A hound skeleton (D:9)
  A howler monkey skeleton (D:6)
  3 worker ant zombies
  6 adders
  12 gnolls
  2 shadow imps (D:6)
  3 oozes
  An adder skeleton (D:5)
  A worm (D:2)
  5 dart slugs
  8 giant geckos
  44 orcs
  2 ball pythons
  A giant cockroach (D:7)
  11 goblins
  7 hobgoblins
  12 jackals
  37 kobolds
  5 quokkas
  11 bats
  A giant cockroach zombie (D:5)
  A giant gecko zombie (D:6)
  3 giant newts
  A jackal zombie (D:6)
  A quokka zombie (D:7)
  5 rats
317 creatures vanquished.

Vanquished Creatures (collateral kills)
  An ice beast (D:7)
  A centaur (D:5)
  A big kobold (D:7)
  An orc (D:4)
4 creatures vanquished.

Vanquished Creatures (others)
  A crimson imp (D:9)
  2 kobolds (D:11)
3 creatures vanquished.

Grand Total: 324 creatures vanquished

Notes
Turn   | Place    | Note
--------------------------------------------------------------
     0 | D:1      | M4edhros the Octopode Wanderer began the quest for the Orb.
     0 | D:1      | M4edhros set off with: a +2 spear, a +0 mace, a potion of curing, a +0 dagger, a bread ration
     0 | D:1      | Reached XP level 1. HP: 17/17 MP: 1/1
    51 | D:1      | Reached XP level 2. HP: 19/22 MP: 2/2
   212 | D:1      | Reached XP level 3. HP: 27/27 MP: 3/3
   684 | D:2      | Found a faded altar to an unknown god.
   725 | D:2      | Reached XP level 4. HP: 20/33 MP: 4/4
  1180 | D:2      | Found a bloodstained altar of Trog.
  1324 | D:2      | Reached XP level 5. HP: 26/37 MP: 5/5
  1446 | D:3      | Found a shimmering altar of Xom.
  1530 | D:3      | Became a worshipper of Xom of Chaos
  1710 | D:3      | XOM: smoke on damage
  1748 | D:3      | XOM: harmless Erth miscast
  1797 | D:4      | XOM: summons 5 friendly demons
  1815 | D:4      | XOM: god gift: crooked glowing rod {god gift}
  1819 | D:4      | Reached XP level 6. HP: 25/43 MP: 6/6
  1823 | D:4      | Identified a +9 rod of clouds (9/9) (Xom gifted it to you on level 4 of the Dungeon)
  1835 | D:4      | XOM: 2-stop teleportation journey
  2019 | D:4      | Found Mecvuz's Antique Armour Emporium.
  2025 | D:4      | Bought a runed buckler for 81 gold pieces
  2025 | D:4      | Bought a runed hat for 72 gold pieces
  2127 | D:4      | Got a dazzling dagger
  2222 | D:4      | Reached skill level 1 in Evocations
  2356 | D:4      | Reached skill level 1 in Slings
  2362 | D:4      | Identified the +5 dagger of Nipyh {vamp, rF+} (You found it on level 4 of the Dungeon)
  2472 | D:5      | Entered Level 5 of the Dungeon
  2914 | D:2      | XOM: mild Divn miscast
  3149 | D:1      | XOM: draining
  3236 | D:1      | XOM: give mutations
  3236 | D:1      | Gained mutation: You are frail (-10% HP). [Xom's mischief]
  3236 | D:1      | Gained mutation: You are weak. (Str -2) [Xom's mischief]
  3270 | D:1      | XOM: mild Tloc miscast
  3326 | D:5      | Found Jihoatai's Gadget Shop.
  3338 | D:5      | Noticed George's ghost (amateur MiGl)
  3340 | D:5      | XOM: enchant monster (bad)
  3343 | D:5      | XOM: confuse monster(s)
  3447 | D:5      | XOM: silly message
  3483 | D:5      | XOM: enchant monster (bad)
  3489 | D:5      | XOM: chaos cloud
  3492 | D:5      | XOM: enchant monster (bad)
  3501 | D:5      | Reached skill level 2 in Evocations
  3501 | D:5      | Reached XP level 7. HP: 14/43 MP: 8/8
  3714 | D:5      | Killed George's ghost
  3714 | D:5      | Reached skill level 3 in Evocations
  3732 | D:5      | XOM: noise
  3848 | D:5      | XOM: mild Divn miscast
  3878 | D:5      | XOM: summons 2 friendly demons
  3881 | D:5      | Reached skill level 4 in Evocations
  3926 | D:5      | Reached skill level 5 in Dodging
  4003 | D:5      | Noticed Dowan
  4004 | D:5      | Noticed Duvessa
  4026 | D:5      | Reached XP level 8. HP: 48/48 MP: 11/11
  4029 | D:5      | Killed Duvessa
  4053 | D:5      | XOM: confusion (+ monsters)
  4060 | D:5      | Killed Dowan
  4111 | D:5      | Found a burning altar of Makhleb.
  4118 | D:5      | Reached skill level 5 in Evocations
  4154 | D:5      | Found a staircase to the Ecumenical Temple.
  4276 | D:6      | XOM: cast spell 'Statue Form'
  4337 | D:6      | XOM: mild Pois miscast
  4387 | D:6      | XOM: give mutations
  4387 | D:6      | Gained mutation: You are somewhat resistant to further mutation. [Xom's grace]
  4387 | D:6      | Gained mutation: You possess an exceptional clarity of mind. [Xom's grace]
  4387 | D:6      | Gained mutation: You are partially covered in icy blue scales (AC +1). [Xom's grace]
  4387 | D:6      | Gained mutation: You are partially covered in slimy green scales (AC +2). [Xom's grace]
  4441 | Temple   | Entered the Ecumenical Temple
  4599 | Temple   | XOM: god gift: 4 poisoned sling bullets
  4714 | Temple   | XOM: 1-stop teleportation journey
  5232 | Temple   | XOM: 3-stop teleportation journey
  5309 | D:6      | Found a shadowy altar of Dithmenos.
  5410 | D:6      | Found a sacrificial altar of Ru.
  5469 | D:6      | XOM: colour smoke trail
  5535 | D:6      | XOM: confuse monster(s)
  5576 | D:6      | XOM: harmless Erth miscast
  5642 | D:6      | Found a sparkling altar of Nemelex Xobeh.
  5682 | D:6      | XOM: summons 3 friendly demons
  5731 | D:6      | Reached skill level 5 in Slings
  6060 | D:6      | XOM: colour smoke trail
  6469 | D:7      | Found an oddly glowing altar of Pakellas.
  6490 | D:7      | XOM: cast spell 'Hydra Form'
  6511 | D:7      | Reached skill level 6 in Evocations
  6518 | D:7      | XOM: mild Chrm miscast
  6528 | D:7      | Reached XP level 9. HP: 52/52 MP: 13/13
  6654 | D:7      | Identified the Compendium of Translocation (You found it on level 7 of the Dungeon)
  6658 | D:7      | Learned a level 2 spell: Shroud of Golubria
  6662 | D:7      | Learned a level 3 spell: Gell's Gravitas
  6764 | D:7      | XOM is BORED!
  6764 | D:7      | XOM: mild Necr miscast
  6786 | D:7      | XOM: colour smoke trail
  6797 | D:7      | XOM: enchant monster (bad)
  6820 | D:7      | XOM: 8-stop teleportation journey
  6854 | D:7      | XOM: summons 4 hostile demons
  6855 | D:7      | Noticed an ice devil
  7080 | D:6      | XOM: harmless Chrm miscast
  7478 | D:7      | XOM: colour smoke trail
  7672 | D:7      | XOM: harmless Necr miscast
  7681 | D:8      | Found a staircase to the Lair.
  7697 | D:8      | XOM: mild Tloc miscast
  7730 | D:8      | XOM: noise
  7735 | D:8      | Reached skill level 1 in Translocations
  8009 | D:8      | Reached skill level 7 in Evocations
  8014 | D:8      | XOM: divination: magic mapping
  8063 | D:8      | XOM: give mutations
  8063 | D:8      | Gained mutation: You are partially covered in rugged brown scales (AC +1, +3% HP). [Xom's grace]
  8063 | D:8      | Lost mutation: You are weak. (Str -2) [Xom's grace]
  8166 | D:7      | XOM: medium Chrm miscast
  8498 | D:8      | Found a snail-covered altar of Cheibriados.
  8597 | D:8      | Found a deep blue altar of Sif Muna.
  8612 | D:8      | Noticed Pikel
  9068 | D:9      | XOM: noise
  9081 | D:9      | XOM: enchant monster (bad)
  9090 | D:9      | Reached XP level 10. HP: 53/58 MP: 15/15
  9101 | D:9      | Noticed a centaur warrior
  9117 | D:9      | Noticed a cyclops
  9225 | D:9      | XOM: harmless Trmt miscast
  9250 | D:9      | Noticed an unseen horror
  9251 | D:9      | XOM: confuse monster(s)
  9252 | D:9      | XOM: potion effect (agility)
  9262 | D:9      | XOM: divination: detect items
  9281 | D:9      | Killed an unseen horror
  9281 | D:9      | Reached skill level 8 in Evocations
  9286 | D:9      | XOM: harmless Tloc miscast
  9316 | D:9      | Killed a cyclops
  9440 | D:9      | XOM: potion effect (berserk rage)
  9454 | D:9      | XOM: divination: detect items
  9485 | D:9      | XOM: divination: magic mapping
  9493 | D:9      | Reached skill level 9 in Evocations
  9545 | D:9      | XOM: divination: detect items
  9824 | D:9      | XOM: divination: detect items
  9839 | D:9      | Reached skill level 5 in Shields
  9946 | D:9      | XOM: butterfly on damage
  9950 | D:9      | Killed a centaur warrior
 10026 | D:9      | XOM: mild Divn miscast
 10159 | D:9      | Reached XP level 11. HP: 60/64 MP: 18/18
 10465 | D:10     | Entered Level 10 of the Dungeon
 10469 | D:10     | Found a huge runed gate.
 10469 | D:10     | Found a huge runed gate.
 10469 | D:10     | Found a huge runed gate.
 10469 | D:10     | Found a huge runed gate.
 10470 | D:10     | Noticed a griffon
 10470 | D:10     | Noticed a griffon
 10496 | D:10     | XOM: cast spell 'Ice Form'
 10573 | D:10     | XOM: silly message
 10603 | D:10     | Gained mutation: You have supernaturally acute eyesight. [mutagenic meat]
 10607 | D:10     | Gained mutation: Your system is resistant to poisons. [mutagenic meat]
 10608 | D:10     | Gained mutation: You occasionally shout uncontrollably at your foes. [mutagenic meat]
 10676 | D:10     | Reached skill level 10 in Evocations
 11003 | D:10     | XOM: mild Summ miscast
 11187 | D:11     | XOM: noise
 11192 | D:11     | Noticed Urug
 11239 | D:11     | Noticed a hill giant
 11278 | D:11     | Killed a hill giant
 11324 | D:11     | XOM: give mutations
 11324 | D:11     | Lost mutation: You possess an exceptional clarity of mind. [Xom's mischief]
 11324 | D:11     | Lost mutation: Your system is resistant to poisons. [Xom's mischief]
 11324 | D:11     | Lost mutation: You occasionally shout uncontrollably at your foes. [Xom's mischief]
 11325 | D:11     | Found a blossoming altar of Fedhas.
 11370 | D:11     | Noticed Erica
 11377 | D:11     | XOM: silly message
 11384 | D:11     | XOM: divination: detect creatures
 11391 | D:11     | Killed Erica
 11421 | D:11     | Learned a level 4 spell: Passage of Golubria
 11530 | D:11     | Reached skill level 5 in Translocations
 11710 | D:11     | XOM: summons 5 hostile demons
 11758 | D:11     | XOM: 3-stop teleportation journey
 11865 | D:11     | Killed Urug
 12287 | D:11     | XOM: summons 5 hostile shadow creatures
 12288 | D:11     | Noticed a hill giant
 12502 | D:11     | XOM: chaos cloud
 12641 | D:12     | XOM: polymorph mottled dragon -> hog
 12705 | D:12     | Got an ancient falchion {freeze}
 12706 | D:12     | Identified the cursed +2 falchion of Ancient Evil {freeze, +Rage rC+ MR+ MP-9} (You took it off an orc on level 12 of the Dungeon)
 12776 | D:12     | Found a staircase to the Orcish Mines.
 12816 | D:12     | Reached skill level 11 in Evocations
 13001 | D:12     | XOM: summons 5 hostile demons
 13193 | D:12     | XOM: give mutations
 13193 | D:12     | Lost mutation: You have supernaturally acute eyesight. [Xom's mischief]
 13193 | D:12     | Gained mutation: You are agile. (Dex +2) [Xom's mischief]
 13193 | D:12     | Lost mutation: You are partially covered in icy blue scales (AC +1). [Xom's mischief]
 13322 | D:12     | Slain by a gargoyle

Vault maps used:
D:1:      tarquinn_simple_flora_water_c
D:2:      lemuel_doored_altar, ecumenical_altar_2, minmay_bisected
D:3:      xom_teletrap_fun, first_bread
D:4:      serial_shops, shop
D:5:      makhleb_heckhound_becter, minmay_temple_entry_grid, serial_shops,
          shop, uniq_duvessa
D:6:      overflow_temple_1_default, nicolae_ru_awakened_eye,
          nemelex_spade_bored_becter
D:7:      johnstein_pakellas_dig
D:8:      kennysheep_mini, led_sif_pool, minmay_lair_entry_lava, uniq_pikel
D:9:      minmay_distorted_concentric_squares
D:10:     lemuel_bear_cage, the_bakery
D:11:     fedhas_altar_1, uniq_erica, uniq_urug
D:12:     david_orc_2
Temple:   triangle_lava_temple_12

Skill      XL: |  1  2  3  4  5  6  7  8  9 10 11 |
---------------+----------------------------------+-----
Polearms       | 2 3 4 |  4.2
Dodging        | 2 3 4 5 6 7 8 |  8.4
Evocations     | 2 4 6 7 9 11 | 11.1
Slings         | 2 3 5 7 8 |  8.8
Shields        | 2 3 5 6 |  6.4
Translocations | 2 4 5 |  5.7
Fighting       | |  4.0
Crossbows      | |  1.0
Stealth        | |  2.6

Action                   |  1- 3 |  4- 6 |  7- 9 | 10-12 || total
-------------------------+-------+-------+-------+-------++-------
Melee: Spear             |    90 |   172 |   350 |   428 ||  1040
       Unarmed           |       |       |     8 |    26 ||    34
 Fire: Greatsling        |       |    10 |   135 |   221 ||   366
 Cast: Gell's Gravitas   |       |       |       |     2 ||     2
Evoke: Rod               |       |     4 |    14 |    20 ||    38
       Wand              |       |       |       |     1 ||     1
  Use: Potion            |       |     7 |     6 |     4 ||    17
       Scroll            |       |    11 |     7 |    13 ||    31
 Stab: Sleeping          |    15 |    16 |    10 |     6 ||    47
       Petrifying        |       |     1 |       |       ||     1
       Confused          |       |       |     4 |       ||     4
       Distracted        |       |       |       |     2 ||     2
  Eat: Chunk             |       |     9 |    23 |    32 ||    64
       Pizza             |       |       |     1 |       ||     1
       Fruit             |       |       |     1 |     1 ||     2
       Beef jerky        |       |       |     1 |       ||     1
